 Dungeon Crawl Stone Soup version 0.32-a0-86-g8db1b9f803 (webtiles) character file.

Game seed: 5964195200402262046

990 pokeman the Thaumaturge (level 7, -1/41 HPs)
             Began as a Deep Elf Hedge Wizard on Feb 5, 2024.
             Slain by a sleepcap (2 damage)
             ... on level 6 of the Dungeon.
             The game lasted 00:08:21 (5034 turns).

pokeman the Thaumaturge (Deep Elf Hedge Wizard)     Turns: 5034, Time: 00:08:21

Health: -1/41      AC:  3    Str:  7    XL:     7   Next: 98%
Magic:  15/21      EV: 13    Int: 21    God:
Gold:   98         SH:  0    Dex: 14    Spells: 16/24 levels left

rFire   . . .        c - +4 whip (venom)
rCold   . . .        (no shield)
rNeg    + + .        b - +0 robe
rPois   .            q - +0 helmet
rElec   .            (no cloak)
rCorr   .            (no gloves)
SInv    .            (no boots)
Will    .....        (no amulet)
Stlth   ++           r - ring of positive energy
HPRegen 0.26/turn    o - ring of positive energy
MPRegen 0.17/turn

%: no passive effects
@: no status effects
A: no striking features
a: no special abilities


You were on level 6 of the Dungeon.
You visited 1 branch of the dungeon, and saw 5 of its levels.
You also visited: Ossuary.

You collected 131 gold pieces.
You spent 33 gold pieces at shops.

Inventory:

Hand Weapons
 c - a +4 whip of venom (weapon)
Armour
 b - a +0 robe (worn)
 q - a +0 helmet (worn)
Jewellery
 j - a +6 ring of strength
 o - a ring of positive energy (right hand)
 r - a ring of positive energy (left hand)
 v - a +5 ring of evasion
 w - a ring of ice
 y - an amulet of guardian spirit
Wands
 a - a wand of quicksilver (7)
Scrolls
 e - 5 scrolls of identify {unknown}
 f - 2 scrolls of vulnerability {unknown}
 h - 2 scrolls of enchant weapon {unknown}
 l - a scroll of amnesia {unknown}
 m - 4 scrolls of teleportation
 p - 2 scrolls of blinking {unknown}
 s - a scroll of poison {unknown}
 u - a scroll of silence {unknown}
Potions
 d - 2 potions of magic
 g - 2 potions of ambrosia {unknown}
 i - a potion of enlightenment {unknown}
 k - a potion of curing {unknown}
 n - 4 potions of resistance {unknown}
 t - 2 potions of heal wounds {unknown}
 x - a potion of brilliance {unknown}


   Skills:
 - Level 3.0 Fighting
 + Level 1.4 Armour
 - Level 3.1 Dodging
 - Level 3.0 Stealth
 * Level 9.2 Spellcasting
 + Level 4.6 Conjurations
 - Level 1.1 Summonings
 - Level 1.1 Translocations
 - Level 1.0 Air Magic
 - Level 1.0 Alchemy


You had 16 spell levels left.
You knew the following spells:

 Your Spells              Type           Power      Damage    Failure   Level
a - Magic Dart            Conj           100%       1d8       1%          1
b - Mephitic Cloud        Conj/Alch/Air  19%        N/A       9%          3
c - Call Imp              Summ           28%        N/A       7%          2
d - Blink                 Tloc           28%        N/A       7%          2

Your spell library contained the following spells:

 Spells                   Type           Power      Damage    Failure   Level
 Apportation              Tloc           28%        N/A       4%          1
 Slow                     Hex            36%        N/A       7%          1
 Cigotuvi's Dreadful Rot  Necr/Alch/Air  24%        N/A       8%          2
 Jinxbite                 Hex            18%        N/A       11%         2
 Alistair's Intoxication  Alch           8%         N/A       78%         5


Dungeon Overview and Level Annotations

Branches:
Dungeon (6/15)            Ossuary (visited)
 Temple: D:4-7

Altars:
Elyvilon
Fedhas

Shops:
D:3 ?


Message History

Casting: Blink (safe; 7% risk of failure)
Confirm with . or Enter, or press ? or * to list all spells.
Aiming: Magic Dart (safe; 1% risk of failure)
Press: ? - help, Shift-Dir - straight line, f - sleepcap
Aim: a sleepcap (lightly damaged, ally target, 100% to hit)
The magic dart hits the sleepcap but does no damage.
The sleepcap is lightly damaged.
Your cerulean imp hits the sleepcap from afar with a -3 spear.
Unknown command.
Your cerulean imp hits the sleepcap but does no damage.
Casting: Magic Dart (safe; 1% risk of failure)
Confirm with . or Enter, or press ? or * to list all spells.
Aiming: Magic Dart (safe; 1% risk of failure)
Press: ? - help, Shift-Dir - straight line, f/p - sleepcap
Aim: a sleepcap (lightly damaged, ally target, 100% to hit)
The magic dart hits the sleepcap.
The sleepcap is moderately damaged.
The sleepcap releases spores at you but does no damage.
Your cerulean imp hits the sleepcap but does no damage.
Casting: Magic Dart (safe; 1% risk of failure)
Confirm with . or Enter, or press ? or * to list all spells.
Aiming: Magic Dart (safe; 1% risk of failure)
Press: ? - help, Shift-Dir - straight line, f/p - sleepcap
Aim: a sleepcap (moderately damaged, ally target, 100% to hit)
The magic dart hits the sleepcap.
The sleepcap is heavily damaged.
The sleepcap releases spores at you.
* * * LOW HITPOINT WARNING * * *
You are engulfed in a cloud of soporific spores!
You fall asleep.
Your cerulean imp hits the sleepcap but does no damage.
The sleepcap releases spores at you!
You wake up.
* * * LOW HITPOINT WARNING * * *
You are engulfed in a cloud of soporific spores!
You are unaffected.
Your cerulean imp hits the sleepcap but does no damage.
Unknown command.
You feel ready to blink again. The sleepcap attacks as it pursues you!
The sleepcap releases spores at you.
You die...

..................#
###...<......$..#
#.....##......# ..
#..#.......##....##..
...........###........
...........#..........
##....###.............
#........#..#.#.....#
........)@#..ß........
.##.......f...........
#...?....ß...ß......
...##......5...<....
..##.......ß..../... .
#..#..............
....#.....#........
....#.....##....... ..
........ .......


You could see a sleepcap (ally target) and a friendly cerulean imp (summoned).

Vanquished Creatures
  A sky beast (D:6)
  8 scorpions (Ossuary)
  A bombardier beetle (D:3)
  An orc priest (D:3)
  2 orc wizards
  2 scorpion zombies (Ossuary)
  2 mummies (Ossuary)
  2 adders
  A shadow imp (D:6)
  2 adder zombies (Ossuary)
  4 dart slugs
  A ribbon worm (D:3)
  10 orcs
  2 ball pythons
  4 bats
  9 endoplasms
  3 giant cockroaches
  7 hobgoblins
  7 jackals
  4 quokkas
  3 ball python zombies (Ossuary)
  6 frilled lizards
  6 goblins
  3 jackal zombies (Ossuary)
  8 kobolds
  2 orc zombies (Ossuary)
  7 rats
108 creatures vanquished.

Vanquished Creatures (collateral kills)
  2 human zombies (Ossuary)
  An orc wizard (D:3)
  A mummy (Ossuary)
  2 adders (D:3)
6 creatures vanquished.

Grand Total: 114 creatures vanquished

Notes
Turn   | Place    | Note
-------+----------+-------------------------------------------
     0 | D:1      | pokeman the Deep Elf Hedge Wizard began the quest for the
                  | Orb.
     0 | D:1      | Reached XP level 1. HP: 10/10 MP: 7/7
   214 | D:1      | Reached XP level 2. HP: 16/16 MP: 1/9
   863 | D:1      | Reached skill level 5 in Spellcasting
  1125 | D:1      | Reached XP level 3. HP: 20/20 MP: 8/11
  1135 | D:1      | Learned a level 3 spell: Mephitic Cloud
  1138 | D:1      | Learned a level 2 spell: Call Imp
  1141 | D:1      | Learned a level 2 spell: Blink
  1599 | D:2      | Reached skill level 1 in Fighting
  1815 | D:2      | Reached skill level 1 in Armour
  2660 | D:3      | Reached XP level 4. HP: 21/25 MP: 11/13
  2694 | D:3      | Found a white marble altar of Elyvilon.
  2723 | D:3      | Reached skill level 6 in Spellcasting
  2723 | D:3      | Reached XP level 5. HP: 29/29 MP: 9/15
  3071 | D:3      | Found Wokh's Magic Scroll Boutique.
  3075 | D:3      | Bought a scroll of teleportation for 33 gold pieces
  3288 | D:3      | Found a blossoming altar of Fedhas.
  3406 | D:3      | Reached skill level 1 in Air Magic
  3574 | D:3      | Reached skill level 1 in Alchemy
  3904 | D:4      | Reached XP level 6. HP: 34/34 MP: 13/17
  4035 | D:4      | You fall into a shaft and drop 2 floors!
  4041 | D:6      | Noticed a sky beast
  4057 | D:6      | Found a sand-covered staircase.
  4067 | D:6      | Killed a sky beast
  4068 | D:6      | Reached skill level 7 in Spellcasting
  4073 | Ossuary  | Entered an ossuary
  4421 | Ossuary  | Reached XP level 7. HP: 12/40 MP: 11/20
  4540 | Ossuary  | Reached skill level 8 in Spellcasting
  4928 | Ossuary  | Reached skill level 9 in Spellcasting
  5033 | D:6      | HP: 1/41 [sleepcap (12)]
  5034 | D:6      | Slain by a sleepcap

Illustrated notes

Levels and vault maps discovered:
D:1:      dpeg_arrival_simpleton_a, layout_basic
D:2:      layout_basic, st_stairs_9, hex_large
D:3:      layout_loops_cross, mainiacjoe_overflow_alcove_1,
          overflow_temple_1_default, serial_shops, nicolae_shop_trees,
          grunt_ministairs_15
D:4:      layout_basic, grunt_ministairs_6
D:6:      layout_cave_pools, nicolae_ossuary_entry_monument

Skill      XL: |  1  2  3  4  5  6  7 |
---------------+----------------------+-----
Spellcasting   | 5 6 7 9 |  9.2
Fighting       | 1 2 3 |  3.0
Armour         | 1 |  1.4
Conjurations   | 2 3 4 |  4.6
Dodging        | 3 |  3.1
Stealth        | 3 |  3.0
Air Magic      | 1 |  1.0
Alchemy        | 1 |  1.0
Summonings     | |  1.1
Translocations | |  1.1

Action                     |  1- 3 |  4- 6 |  7- 9 || total
---------------------------+-------+-------+-------++-------
  Melee: Dagger            |    13 |    28 |       ||    41
         Punch             |       |     2 |     4 ||     6
         Whip              |       |    20 |    31 ||    51
   Cast: Magic Dart        |   133 |   130 |    43 ||   306
         Mephitic Cloud    |       |     6 |     3 ||     9
         Call Imp          |       |     4 |     3 ||     7
         Blink             |       |       |     1 ||     1
   Stab: Sleeping          |     1 |       |       ||     1
         Confused          |       |     5 |     2 ||     7
         Distracted        |       |     1 |       ||     1
 Armour: Robe              |    21 |    31 |    23 ||    75
  Dodge: Dodged            |    23 |    32 |    27 ||    82

Table legend: (Time is in decaauts)
 A = Elapsed time spent in this place.
 B = Non-inter-level travel time spent in this place.
 C = Inter-level travel time spent in this place.
 D = Time resting spent in this place.
 E = Time spent auto-exploring this place.
 F = Levels seen in this place.
 G = Mean time per level.
                   A        B        C        D        E       F      G
               +--------+--------+--------+--------+--------+-----+--------+
         Total |   5035 |   4994 |     41 |     72 |   4176 |   6 |  839.2 |
       Dungeon |   4079 |   4038 |     41 |      5 |   3525 |   5 |  815.8 |
       Ossuary |    955 |    955 |      0 |     67 |    651 |   1 |  955.0 |
               +--------+--------+--------+--------+--------+-----+--------+

Top non-repeatable levels by time:
     D:1: 1446 daAuts
     D:2: 1210 daAuts
     D:3: 1174 daAuts
 Ossuary: 955 daAuts
     D:4: 201 daAuts
     D:6: 46 daAuts
